AoeStats
← 691621796

MegaRandom

510511151Analyzed
3v3 RM · 2d ago on Oct 1, 2026· 42m 34s· 6 players
Game mode
Random Map
Map size
Normal (6 player)
Population
200
Speed
Normal
Resources
Standard
Victory
Conquest
Starting age
Dark Age
Ending age
Imperial Age
RankedLock teamsTeams togetherTeam positionsShared explorationLock speedFull tech treeHidden civsTurbo modeCheats
Victory
Defeat
🇬🇧 Varangians · United Kingdom
790
+15
🇵🇹 Persians · Portugal
722
+18
🇨🇳 Mongols · China
721
+18
🇨🇳 Danes · China
932
-23
🇨🇳 Cumans · China
534
-8
Gatherer
9:42 Feudal Age
10:35 Double-Bit Axe
11:03 Horse Collar
20:31 Castle Age
19:24 Wheelbarrow
21:04 Forging
20:59 Scale Barding Armor
21:47 Bloodlines
21:52 Bow Saw
21:44 Heavy Plow
23:47 Chain Barding Armor
Tamerlane
6:11 Loom
8:47 Feudal Age
8:55 Man-at-Arms
10:24 Double-Bit Axe
11:34 Horse Collar
18:54 Castle Age
17:37 Forging
18:09 Scale Mail Armor
18:10 Arson
20:10 Wheelbarrow
20:04 Bow Saw
21:01 Squires
22:54 Town Watch
邦多利第一耐摔王-莫提斯
7:36 Loom
11:31 Feudal Age
13:21 Horse Collar
13:26 Double-Bit Axe
16:11 Castle Age
18:51 Wheelbarrow
18:36 Bow Saw
21:00 Heavy Plow
21:15 Padded Archer Armor
21:59 Fletching
22:57 Leather Archer Armor
28:27 Squires
31:52 Bodkin Arrow
43:57 Imperial Age
41:43 Hand Cart
SLUG
7:12 Loom
11:51 Feudal Age
15:15 Bloodlines
21:17 Town Watch
22:39 Wheelbarrow
25:09 Castle Age
691621796
9:35 Feudal Age
10:09 Double-Bit Axe
10:06 Horse Collar
15:09 Wheelbarrow
19:29 Castle Age
20:19 Heavy Plow
20:32 Bow Saw
21:19 Stone Mining
22:36 Loom
24:12 Gold Mining
26:43 Gold Shaft Mining
29:41 Hand Cart
37:06 Imperial Age
42:51 Conscription
antpant1991
1:53 Loom
12:48 Feudal Age
14:42 Fishing Lines
14:58 Double-Bit Axe
17:11 Wheelbarrow
23:23 Castle Age
23:38 Pikeman
24:21 Squires
24:47 Hand Cart
Connection lost

Rejoining the realm…

Still unreachable

The connection could not be restored.

Session expired

The server has moved on; the page needs a fresh start.